 Dungeon Crawl Stone Soup version 0.27-a0-920-gb2bd10914a (webtiles) character file.

Game seed: 8617905534641013918

70 robertstho the Magician (level 4, -10/31 HPs)
             Began as a Djinni Fire Elementalist on Apr 9, 2021.
             Mangled by a hornet zombie (12 damage)
             ... on level 4 of the Dungeon.
             The game lasted 00:04:01 (3783 turns).

robertstho the Magician (Djinni Fire Elementalist)  Turns: 3783, Time: 00:04:01

Health: -10/31     AC:  4    Str:  7    XL:     4   Next: 21%
Gold:   17         EV: 12    Int: 17    God:
                   SH:  0    Dex: 14

rFire    + + .     SeeInvis .   b - +0 long sword
rCold    x . .     Faith    .   (no shield)
rNeg     + . .     Spirit   .   f - +2 robe {rN+}
rPois    ∞         Reflect  .   (no helmet)
rElec    .         Harm     .   (no cloak)
rCorr    .         Rampage  .   (no gloves)
Will     .....                  (boots unavailable)
Stlth    ++........             (no amulet)
HPRegen  0.10/turn              (no ring)
MPRegen  0.00/turn              (no ring)

@: flying
A: fire resistance 2, cold vulnerability 1, float, innate caster, hp casting,
extra vitality 1
a: no special abilities


You were on level 4 of the Dungeon.
You visited 1 branch of the dungeon, and saw 4 of its levels.

You collected 101 gold pieces.
You spent 84 gold pieces at shops.

Inventory:

Hand Weapons
 b - a +0 long sword (weapon)
Armour
 f - a +2 robe of positive energy (worn)
Wands
 g - a wand of paralysis (12)
Scrolls
 a - 3 scrolls of teleportation
 e - a scroll of noise {unknown}
 h - a scroll of fear {unknown}
 j - a scroll of fog
Potions
 c - a potion of haste {unknown}
 d - a potion of curing


   Skills:
 + Level 0.1 Fighting
 + Level 2.5 Dodging
 + Level 2.0 Stealth
 + Level 3.9 Spellcasting


You couldn't memorise any spells.
You knew the following spells:

 Your Spells              Type           Power      Damage    Failure   Level
a - Foxfire               Conj/Fire      64%        2x1d7     3%          1
b - Conjure Flame         Conj/Fire      16%        6-21      10%         3
c - Inner Flame           Hex/Fire       16%        N/A       10%         3
d - Sticky Flame          Conj/Fire      16%        2d4       30%         4
e - Fireball              Conj/Fire      8%         3d6       65%         5
f - Magic Dart            Conj           64%        1d6       3%          1
Your spell library was empty.

Dungeon Overview and Level Annotations

Branches:
Dungeon (4/15)
 Temple: D:4-7

Altars:
Uskayaw

Shops:
D:3 ?


Innate Abilities, Weirdness & Mutations

You are immune to poison.
Your flesh is very heat resistant. (rF++)
You are vulnerable to cold. (rC-)
You float through the air rather than walking.
You learn spells naturally, not from books.
Your magical power is your life essence.
You have superior vitality. (+4 HP)


Message History

A quokka, a kobold and a zombie come into view.
Found 18 arrows.
There is a stone staircase leading up here.
There are monsters nearby!
There are monsters nearby!
There are monsters nearby!
There are monsters nearby!
There are monsters nearby!
You hit the quokka but do no damage. The quokka bites you.
Unknown command.
Casting: Foxfire (safe; 3% risk of failure)
Confirm with . or Enter, or press ? or * to list all spells.
You conjure some foxfire!
The quokka closely misses you.
The kobold shouts!
You hear a shout!
The foxfire hits the quokka.
The quokka is severely wounded.
The foxfire hits the quokka.
You kill the quokka!
A kobold comes into view. It is wielding a +0 short sword.
Casting: Foxfire (safe; 3% risk of failure)
Confirm with . or Enter, or press ? or * to list all spells.
You conjure some foxfire!
The hornet zombie hits you. The hornet zombie hits you!
The foxfire hits the hornet zombie.
The hornet zombie is lightly damaged.
The foxfire hits the hornet zombie.
The hornet zombie is lightly damaged.
The hornet zombie hits you.
Casting: Foxfire (safe; 3% risk of failure)
Confirm with . or Enter, or press ? or * to list all spells.
You conjure some foxfire!
The hornet zombie barely misses you.
The foxfire hits the kobold.
The kobold is moderately wounded.
The foxfire hits the hornet zombie.
The hornet zombie is moderately damaged.
The hornet zombie hits you!
* * * LOW HITPOINT WARNING * * *
The kobold misses you.
You riposte.
You hit the kobold but do no damage. The hornet zombie hits you!
You die...

# ## #. ###.#
#..##...#
#..<...##
#...@Z..#
#...K...#
#K..........
..(..##.#####
.......# ##
###.#..#
###.## ##


You could see a hornet zombie and 2 kobolds.

Vanquished Creatures
  A gnoll (D:1)
  An adder (D:2)
  A worm (D:2)
  A dart slug (D:1)
  6 ball pythons
  5 bats
  An endoplasm (D:1)
  2 giant cockroaches (D:1)
  6 goblins
  A hobgoblin (D:1)
  5 jackals
  2 quokkas
  6 frilled lizards
  4 kobolds
  3 rats
45 creatures vanquished.

Vanquished Creatures (others)
  161 foxfires
  2 plants (D:4)
163 creatures vanquished.

Grand Total: 208 creatures vanquished

Notes
Turn   | Place    | Note
-------+----------+-------------------------------------------
     0 | D:1      | robertstho the Djinni Fire Elementalist began the quest for
                  | the Orb.
     0 | D:1      | Reached XP level 1. HP: 15/15 MP: 0/0
   224 | D:1      | Reached skill level 3 in Spellcasting
   225 | D:1      | Reached XP level 2. HP: 17/21 MP: 0/0
   895 | D:1      | Reached XP level 3. HP: 22/25 MP: 0/0
   895 | D:1      | Learned a level 1 spell: Magic Dart
  1897 | D:2      | HP: 1/25 [worm (8)]
  2837 | D:3      | Found a hide-covered altar of Uskayaw.
  3002 | D:3      | Reached XP level 4. HP: 29/31 MP: 0/0
  3324 | D:3      | Found Kailufadd's Magic Scroll Boutique.
  3333 | D:3      | Bought a scroll of teleportation for 36 gold pieces
  3333 | D:3      | Bought a scroll of identify for 24 gold pieces
  3333 | D:3      | Bought a scroll of fog for 24 gold pieces
  3783 | D:4      | Mangled by a hornet zombie

Illustrated notes

Levels and vault maps discovered:
D:1:      minmay_arrival_four_houses, layout_basic, minmay_unequal
D:2:      layout_basic, minmay_misc_feat_diagonals
D:3:      layout_basic, nicolae_uskayaw_murder_on_the_dancefloor, serial_shops,
          shop
D:4:      kennysheep_kobold_camp, layout_cave_pools, kennysheep_little_box,
          nicolae_hepliaklqana_monster_ancestors, minitemple,
          minmay_temple_entry_overgrown, gammafunk_ghost_cemetery

Skill      XL: |  1  2  3  4 |
---------------+-------------+-----
Spellcasting   | 3 |  3.9
Stealth        | 2 |  2.0
Fighting       | |  0.1
Dodging        | |  2.5

Action                   |  1- 3 |  4- 6 || total
-------------------------+-------+-------++-------
Melee: Long sword        |       |    10 ||    10
 Cast: Foxfire           |    83 |    12 ||    95
  Use: Scroll            |     1 |     2 ||     3
 Stab: Sleeping          |       |     1 ||     1
Armor: Robe              |     5 |     5 ||    10
Dodge: Dodged            |    10 |    20 ||    30
       Rpst.: Long sword |     4 |    10 ||    14

Table legend: (Time is in decaauts)
 A = Elapsed time spent in this place.
 B = Non-inter-level travel time spent in this place.
 C = Inter-level travel time spent in this place.
 D = Time resting spent in this place.
 E = Time spent auto-exploring this place.
 F = Levels seen in this place.
 G = Mean time per level.
                   A        B        C        D        E       F      G
               +--------+--------+--------+--------+--------+-----+--------+
         Total |   3785 |   3664 |    121 |    220 |   3062 |   4 |  946.2 |
       Dungeon |   3785 |   3664 |    121 |    220 |   3062 |   4 |  946.2 |
               +--------+--------+--------+--------+--------+-----+--------+

Top non-repeatable levels by time:
     D:1: 1530 daAuts
     D:2: 1259 daAuts
     D:3: 987 daAuts
     D:4: 8 daAuts
